 Dungeon Crawl Stone Soup version 0.19-a0-1206-g6bcb79c (webtiles) character file.

57897 Gorice the Protected (level 14, -5/113 HPs)
             Began as a Demonspawn Monk on Aug 21, 2016.
             Was a High Priest of Okawaru.
             Drowned by a drowned soul (13 damage)
             ... summoned by a merfolk avatar
             ... on level 6 of the Lair of Beasts.
             The game lasted 01:57:47 (28317 turns).

Gorice the Protected (Demonspawn Monk)             Turns: 28317, Time: 01:57:48

Health: -5/113     AC: 24    Str: 18    XL:     14   Next: 47%
Magic:  21/21      EV: 13    Int: 16    God:    Okawaru [*****.]
Gold:   1032       SH:  0    Dex: 19    Spells: 0 memorised, 13 levels left

rFire  . . .     SeeInvis .     a - +4 long sword (elec)
rCold  + . .     Gourm    .     k - +2 chain mail of Ducaisu {Str+2}
rNeg   . . .     Faith    .     (no shield)
rPois  +         Spirit   .     (helmet unavailable)
rElec  .         Dismiss  .     Q - +0 cloak
rCorr  +         Reflect  .     M - +1 pair of gloves of the Ego {rPois Int+3 Dex+4}
MR     +....     Harm     .     (no boots)
Stlth  +.........               (no amulet)
                                J - ring of resist corrosion
                                T - +1 ring of slaying

@: heroism, mesmerised
A: horns 3, icy blue scales 2, cold resistance 1, freezing cloud immunity
a: Heroism, Finesse, Renounce Religion


You were on level 6 of the Lair of Beasts.
You worshipped Okawaru.
Okawaru was extremely pleased with you.
You were not hungry.

You visited 3 branches of the dungeon, and saw 18 of its levels.
You also visited: Ossuary and Volcano.

You collected 1523 gold pieces.
You spent 491 gold pieces at shops.

Inventory:

Hand Weapons
 a - a +4 long sword of electrocution (weapon)
   (You acquired it on level 8 of the Dungeon)
 b - a +1 greatsling of velocity
   (Okawaru gifted it to you on level 2 of the Lair of Beasts)
 f - a +5 rapier of flaming
   (You found it in a volcano)
 z - a +2 arbalest of velocity
   (Okawaru gifted it to you on level 5 of the Lair of Beasts)
 A - a +3 triple sword of slicing
   (Okawaru gifted it to you on level 10 of the Dungeon)
Missiles
 e - 6 curare-tipped needles
 s - 286 sling bullets
 t - 11 tomahawks
 u - a javelin (quivered)
 B - 6 tomahawks of returning
 X - 2 javelins of penetration
 Y - 2 throwing nets
Armour
 k - the +2 chain mail of Ducaisu (worn) {Str+2}
   (You bought it in a shop on level 4 of the Dungeon)

   It affects your strength (+2).
 M - the +1 pair of gloves of the Ego (worn) {rPois Int+3 Dex+4}
   (Okawaru gifted it to you on level 4 of the Lair of Beasts)

   It affects your intelligence (+3).
   It affects your dexterity (+4).
   It protects you from poison.
 Q - a +0 cloak (worn)
Jewellery
 i - an uncursed ring of see invisible
 C - an uncursed ring of protection from cold
 F - an uncursed ring of protection from fire
 J - a ring of resist corrosion (right hand)
 T - a +1 ring of slaying (left hand)
Wands
 l - a wand of flame (19/48)
 q - a wand of acid (6/15)
 w - a wand of polymorph (14/24)
Scrolls
 d - a scroll of enchant weapon
 j - 4 scrolls of teleportation {!r}
 n - a scroll of fog
 p - 3 scrolls of identify
 r - 2 scrolls of magic mapping {!r}
 V - 2 scrolls of remove curse
Potions
 g - 2 potions of resistance {!q}
 h - 3 potions of cancellation {!q}
 m - a potion of ambrosia
 o - a potion of berserk rage
 x - 8 potions of curing
 y - 3 potions of agility {!q}
 D - 4 potions of might {!q}
 E - a potion of heal wounds {!q}
 U - a potion of haste {!q}
Miscellaneous
 v - a phial of floods
Comestibles
 c - 13 bread rations {!e}
 G - 4 chunks of flesh
 K - 18 fruits


   Skills:
 + Level 11.1(16.1) Fighting
 - Level 14.1(19.1) Long Blades
 + Level 14.2(19.2) Armour
 - Level 2.6(7.6) Dodging
 - Level 1.7(6.7) Stealth
 - Level 10.0 Invocations


You had 13 spell levels left.
You didn't know any spells.

Dungeon Overview and Level Annotations

Branches:
Dungeon (11/15)            Temple (1/1) D:7            Lair (6/6) D:11
  Swamp (0/4) Lair:4        Snake (0/4) Lair:2        Slime (0/5) Lair:6
    Orc (0/2) D:10

Altars:
Ashenzari
Cheibriados
Dithmenos
Elyvilon
Fedhas
Gozag
Hepliaklqana
Kikubaaqudgha
Makhleb
Nemelex Xobeh
Okawaru
Qazlal
Ru
Sif Muna
Trog
Uskayaw
Vehumet
Xom
Yredelemnul
Zin
The Shining One
Beogh
Jiyva

Shops:
D:4 [   D:10 !

Annotations:
D:6 vpUX: deep water vault
D:10 vpUX: deep electric eel lake


Innate Abilities, Weirdness & Mutations

You have a pair of large horns on your head.
You are mostly covered in icy blue scales. (AC +3)
Your flesh is cold resistant. (rC+)
You are immune to freezing clouds.


Message History

The merfolk avatar chants its luring song.
Unknown command.
You hit the merfolk avatar.
The merfolk avatar is almost dead.
You are engulfed in a cloud of scalding steam.
* * * LOW HITPOINT WARNING * * *
The drowned soul is engulfed in a cloud of scalding steam. x2
The merfolk avatar chants its luring song.
Damage: 4 (max 16) Unknown command.
Unknown command.
Your unstable footing causes you to fumble your attack.
Unknown command.
Unknown command.
You closely miss the merfolk avatar.
You headbutt the merfolk avatar, but do no damage.
The merfolk avatar is almost dead.
The drowned soul touches you.
* * * LOW HITPOINT WARNING * * *
The drowned soul drowns you!
* * * LOW HITPOINT WARNING * * *
The merfolk avatar chants its luring song.
Damage: 16 (max 16) Unknown command.
Unknown command.
Really quaff
E - 2 potions of heal wounds {!q}?
You feel much better. The drowned soul touches you.
The drowned soul drowns you!
* * * LOW HITPOINT WARNING * * *
The drowned soul touches you. The drowned soul drowns you!
* * * LOW HITPOINT WARNING * * *
Damage: 7 (max 16) Unknown command.
Unknown command.
Unknown command.
Unknown command.
Unknown command.
Evoke which item? (* to show all) (? for menu, Esc to quit)
Zapping:
l - a wand of flame {zapped: 2} (will waste charges)
Press: ? - help, Shift-Dir - straight line, f/p - merfolk avatar
Aim: a merfolk avatar (almost dead, mesmerising)
The puff of flame misses the merfolk avatar.
Evoking this partially-identified wand wasted a few charges.
The pull of its song draws you forwards.
The drowned soul touches you. The drowned soul drowns you!
* * * LOW HITPOINT WARNING * * *
The merfolk avatar is engulfed in a cloud of scalding steam.
The merfolk avatar chants its luring song.
The drowned soul touches you. The drowned soul drowns you!
You die...

..≈##≈≈# ≈≈ ≈≈≈≈≈#≈≈##...##
..≈##≈≈# ≈≈≈8.≈P≈≈≈#≈≈##..#.#
..≈≈P≈≈# ≈≈≈≈≈≈ #P≈≈≈≈..####
..≈≈≈≈≈# ###≈≈≈≈#####≈≈≈≈..###.#
...##≈≈# ≈≈≈≈≈≈≈≈≈≈8#≈≈#≈..P#.###
..≈##≈≈# ≈≈≈≈≈≈≈≈≈≈≈#≈≈≈#........
...≈≈≈≈# ≈≈≈≈≈≈≈≈≈≈≈#≈≈≈≈≈.......
..≈≈≈≈≈# ≈≈≈/(}?≈#≈≈.≈≈≈≈......#.
...##≈≈# ≈≈)≈Wm@≈≈≈.#≈≈≈≈.....##
##≈##≈≈# ≈≈≈(≈W$≈(≈≈.#≈##........
#≈.≈≈≈≈# ≈≈≈??((≈≈≈≈#≈≈≈≈........
##.≈≈≈≈# ≈≈≈≈≈≈≈≈≈≈≈#≈≈≈≈........
#≈≈P≈≈≈# ≈≈≈≈≈≈≈≈≈≈≈#≈≈#≈..÷.....
##≈≈#≈≈# ≈≈≈≈≈≈≈≈≈≈8#≈P≈≈........
##≈≈≈≈≈#####..#######≈≈≈≈≈.......
#..≈≈≈≈#8≈≈≈≈#≈≈≈≈≈≈#≈≈≈≈≈.......
#..##≈≈#≈≈≈≈#≈≈≈≈≈≈≈#≈≈≈#≈.......


You could see a merfolk avatar and 2 drowned souls.

Vanquished Creatures
  Gastronok (D:10)
  An azure jelly (Lair:6)
  A dire elephant (Lair:6)
  10 hydras
  Harold (Lair:4)
  A catoblepas (Lair:5)
  5 death yaks
  2 sea snakes (Lair:6)
  3 hill giants
  A statue (Volcano)
  3 oklob plants (D:11)
  An ugly thing (Volcano)
  A toenail golem (Volcano)
  A manticore (Lair:6)
  Maurice (D:9)
  7 elephants
  2 black mambas
  6 spiny frogs
  A torpor snail (Lair:6)
  A molten gargoyle (Volcano)
  A gargoyle (D:10)
  3 rime drakes
  10 komodo dragons
  A troll (D:9)
  3 giant leeches (Lair:4)
  4 polar bears
  A wind drake (Lair:6)
  Prince Ribbit (D:5)
  A boulder beetle (Lair:4)
  18 blink frogs
  Sigmund (D:2)
  5 wyverns
  31 yaks
  A fire elemental (Volcano)
  6 fire bats (Volcano)
  Eustachio (D:5)
  2 steam dragons
  2 hungry ghosts (D:10)
  8 hippogriffs
  A swamp worm (Lair:4)
  7 nagas (Lair:2)
  16 water moccasins
  Duvessa (D:7)
  3 porcupines
  5 sky beasts (D:10)
  3 orc warriors
  2 black bears
  5 wasps
  3 ice beasts
  4 ogres
  4 phantoms
  9 centaurs
  A necrophage (D:6)
  17 wolves
  24 crocodiles
  8 big kobolds
  An earth elemental (Volcano)
  18 giant frogs
  Dowan (D:7)
  3 scorpions
  3 troll zombies (D:10)
  10 wights
  5 killer bees
  6 electric eels (D:10)
  2 crimson imps (D:7)
  3 lava snakes (Volcano)
  2 giant frog zombies
  4 howler monkeys
  2 centaur zombies
  3 hounds
  5 jellies
  11 orc wizards
  6 orc priests
  11 iguanas
  A centaur skeleton (D:8)
  2 giant frog skeletons
  6 worker ants
  Natasha (twice) (D:2)
  14 sheep
  A big kobold zombie (Ossuary)
  5 ogre zombies (D:10)
  4 hound skeletons
  5 mummies (Ossuary)
  A worker ant zombie (D:8)
  17 adders
  25 river rats
  4 shadow imps
  An adder skeleton (D:7)
  4 dart slugs
  5 worms
  9 giant geckos
  57 orcs
  A ball python (D:2)
  7 bats
  7 giant cockroaches
  10 hobgoblins
  10 jackals
  23 kobolds
  6 quokkas
  2 giant gecko skeletons
  14 giant newts
  2 gnoll zombies (Ossuary)
  5 goblins
  2 goblin skeletons (D:10)
  6 goblin zombies
  A hobgoblin skeleton (D:10)
  4 hobgoblin zombies
  2 jackal skeletons
  2 kobold zombies (Ossuary)
  3 orc skeletons (D:10)
  12 orc zombies
  A quokka skeleton (D:4)
  A quokka zombie (D:8)
  4 rats
  A plant (Lair:6)
648 creatures vanquished.

Vanquished Creatures (others)
  A worker ant (D:7)
  A kobold (D:10)
  11 fungi (Lair:6)
  34 plants
47 creatures vanquished.

Grand Total: 695 creatures vanquished

Notes
Turn   | Place    | Note
-------+----------+-------------------------------------------
     0 | D:1      | Gorice the Demonspawn Monk began the quest for the Orb.
     0 | D:1      | Reached XP level 1. HP: 18/18 MP: 1/1
    22 | D:1      | Reached skill level 3 in Long Blades
    94 | D:1      | Gained mutation: You have a pair of small horns on your head. [demonic ancestry]
    94 | D:1      | Reached XP level 2. HP: 19/24 MP: 2/2
   735 | D:2      | Noticed Sigmund
   768 | D:2      | Reached XP level 3. HP: 29/29 MP: 3/3
   797 | D:2      | Reached skill level 4 in Long Blades
  1225 | D:2      | Noticed Natasha
  1229 | D:2      | Gained mutation: You are partially covered in icy blue scales. (AC +2) [demonic ancestry]
  1229 | D:2      | Reached XP level 4. HP: 35/35 MP: 4/4
  1238 | D:2      | Killed Natasha
  1350 | D:2      | Noticed Natasha
  1360 | D:2      | Killed Natasha
  1360 | D:2      | Reached skill level 5 in Long Blades
  1796 | D:3      | Reached XP level 5. HP: 41/41 MP: 5/5
  2134 | D:3      | Found a radiant altar of Vehumet.
  2337 | D:4      | Found Naatiocs's Armour Emporium.
  2384 | D:4      | Reached skill level 6 in Long Blades
  2430 | D:4      | HP: 11/41 [poisoned by an orc priest]
  2696 | D:4      | Gained mutation: Your flesh is cold resistant. (rC+) [demonic ancestry]
  2696 | D:4      | Reached XP level 6. HP: 47/47 MP: 6/6
  3384 | D:4      | Reached skill level 7 in Long Blades
  3556 | D:5      | Entered Level 5 of the Dungeon
  3563 | D:5      | Noticed Eustachio
  3596 | D:5      | Killed Eustachio
  3596 | D:5      | Reached XP level 7. HP: 19/52 MP: 7/7
  3636 | D:5      | Noticed Prince Ribbit
  3640 | D:5      | HP: 9/52 [Prince Ribbit (9)]
  3863 | D:4      | HP: 15/52 [phantom (3)]
  3873 | D:4      | HP: 8/52 [phantom (7)]
  3884 | D:5      | HP: 9/52 [adder (1)]
  3889 | D:5      | HP: 8/52 [adder (1)]
  3928 | D:5      | HP: 13/52 [giant frog zombie (1)]
  4164 | D:5      | Found a sand-covered staircase.
  4170 | D:5      | Reached skill level 8 in Long Blades
  4187 | Ossuary  | Entered an ossuary
  4790 | D:4      | Bought the +2 chain mail of Ducaisu {Str+2} for 257 gold pieces
  5004 | D:2      | Killed Sigmund
  5004 | D:2      | Reached skill level 1 in Armour
  5004 | D:2      | Reached XP level 8. HP: 49/58 MP: 8/8
  5149 | D:5      | Reached skill level 9 in Long Blades
  5194 | D:5      | Killed Prince Ribbit
  5194 | D:5      | Reached skill level 2 in Armour
  5781 | D:6      | Reached skill level 3 in Armour
  5938 | D:6      | Found an ancient bone altar of Kikubaaqudgha.
  6066 | D:6      | Reached skill level 10 in Long Blades
  6202 | D:6      | Found a glowing silver altar of Zin.
  6655 | D:6      | Gained mutation: You have a pair of horns on your head. [demonic ancestry]
  6655 | D:6      | Reached XP level 9. HP: 62/62 MP: 9/9
  6767 | D:6      | Reached skill level 4 in Armour
  7413 | D:7      | Noticed Duvessa
  7426 | D:7      | Noticed Dowan
  7441 | D:7      | Killed Duvessa
  7466 | D:7      | HP: 16/63 [worker ant (3)]
  7481 | D:7      | Killed Dowan
  7501 | D:7      | HP: 17/63 [orc/morningstar (4)]
  7507 | D:7      | HP: 16/63 [poisoned by Dowan]
  8057 | D:7      | Reached skill level 11 in Long Blades
  8363 | D:7      | Reached skill level 5 in Armour
  8494 | D:7      | Found a staircase to the Ecumenical Temple.
  8500 | Temple   | Entered the Ecumenical Temple
  8658 | Temple   | Became a worshipper of Warmaster Okawaru
  8658 | Temple   | Reached * piety under Okawaru
  8658 | Temple   | Reached ** piety under Okawaru
  9011 | D:8      | Reached skill level 1 in Invocations
  9293 | D:8      | Reached skill level 2 in Invocations
  9405 | D:8      | Noticed a two-headed hydra
  9408 | D:8      | Killed a one-headed hydra
  9408 | D:8      | Reached *** piety under Okawaru
  9408 | D:8      | Reached skill level 6 in Armour
  9408 | D:8      | Reached XP level 10. HP: 70/70 MP: 8/11
  9997 | D:8      | Identified a scroll of acquirement
 10217 | D:9      | Reached skill level 7 in Armour
 10548 | D:9      | Found a hide-covered altar of Uskayaw.
 10562 | D:9      | Reached skill level 12 in Long Blades
 10708 | D:9      | Noticed Maurice
 10729 | D:9      | Killed Maurice
 10729 | D:9      | Reached **** piety under Okawaru
 10900 | D:9      | Found a roughly hewn altar of Beogh.
 11173 | D:10     | Entered Level 10 of the Dungeon
 11425 | D:10     | Found a staircase to the Orcish Mines.
 11537 | D:10     | Reached skill level 8 in Armour
 11740 | D:10     | Noticed a hill giant
 11751 | D:10     | Killed a hill giant
 11967 | D:10     | Found Boplittu's Distillery.
 11970 | D:10     | Bought a potion of curing for 39 gold pieces
 11970 | D:10     | Bought 2 potions of curing for 78 gold pieces
 11970 | D:10     | Bought a potion of curing for 39 gold pieces
 11970 | D:10     | Bought a potion of curing for 39 gold pieces
 11970 | D:10     | Bought a potion of curing for 39 gold pieces
 11973 | D:10     | Noticed a hill giant
 11980 | D:10     | Killed a hill giant
 11980 | D:10     | Reached ***** piety under Okawaru
 11980 | D:10     | Gained mutation: You are mostly covered in icy blue scales. (AC +3) [demonic ancestry]
 11980 | D:10     | Reached XP level 11. HP: 69/75 MP: 9/12
 12035 | D:10     | HP: 21/75 [electric eel/bolt of electricity (7)]
 12045 | D:9      | HP: 21/75 [giant frog (2)]
 12650 | D:10     | Received a gift from Okawaru
 13377 | D:10     | Noticed Gastronok
 13390 | D:10     | Reached skill level 9 in Armour
 13406 | D:10     | HP: 22/75 [Gastronok (25)]
 13407 | D:10     | Killed Gastronok
 13407 | D:10     | Reached skill level 13 in Long Blades
 14288 | D:10     | Received a gift from Okawaru
 14418 | D:11     | Noticed a five-headed hydra
 14600 | D:11     | Reached skill level 10 in Armour
 14707 | D:11     | Found a staircase to the Lair.
 14708 | D:11     | Noticed an oklob plant
 14832 | D:11     | Noticed a hill giant
 14974 | D:11     | Noticed an oklob plant
 14974 | D:11     | HP: 19/75 [acid (16)]
 15319 | D:11     | Killed a hill giant
 15492 | D:11     | Noticed an oklob plant
 15899 | D:11     | HP: 22/75 [five-headed hydra (5)]
 16388 | D:11     | Killed an oklob plant
 16388 | D:11     | Reached skill level 14 in Long Blades
 16388 | D:11     | Gained mutation: You are immune to freezing clouds. [demonic ancestry]
 16388 | D:11     | Reached XP level 12. HP: 81/81 MP: 10/13
 16533 | Lair:1   | Entered Level 1 of the Lair of Beasts
 16612 | Lair:1   | Reached skill level 11 in Armour
 16625 | Lair:1   | Noticed a seven-headed hydra
 16651 | Lair:1   | Found a dark tunnel.
 16656 | Volcano  | Entered a volcano
 16678 | Volcano  | Reached skill level 3 in Invocations
 16700 | Volcano  | Reached ****** piety under Okawaru
 16779 | Volcano  | Reached skill level 4 in Invocations
 16786 | Volcano  | Reached skill level 4 in Fighting
 16912 | Volcano  | Found a bloodstained altar of Trog.
 17215 | Lair:1   | Reached skill level 5 in Invocations
 17550 | Lair:1   | Killed a seven-headed hydra
 17601 | Lair:1   | Noticed a five-headed hydra
 17769 | Lair:1   | Reached skill level 6 in Invocations
 17952 | Lair:1   | Killed a five-headed hydra
 17952 | Lair:1   | Received a gift from Okawaru
 17952 | Lair:1   | Reached skill level 5 in Fighting
 18077 | Lair:2   | Received a gift from Okawaru
 18226 | Lair:2   | Reached skill level 7 in Invocations
 18499 | Lair:2   | Found a staircase to the Snake Pit.
 18659 | Lair:2   | Reached skill level 6 in Fighting
 19511 | Lair:3   | Reached skill level 12 in Armour
 19646 | Lair:3   | Reached skill level 8 in Invocations
 19651 | Lair:3   | Gained mutation: You have a pair of large horns on your head. [demonic ancestry]
 19651 | Lair:3   | Reached XP level 13. HP: 64/94 MP: 17/19
 20029 | Lair:3   | Received a gift from Okawaru
 20099 | Lair:4   | HP: 23/95 [black mamba (10)]
 20492 | Lair:4   | Reached skill level 7 in Fighting
 20522 | Lair:4   | Noticed Harold
 20564 | Lair:4   | Killed Harold
 21064 | Lair:4   | Found a staircase to the Swamp.
 21341 | Lair:4   | Reached skill level 9 in Invocations
 22765 | Lair:4   | Received a gift from Okawaru
 22766 | Lair:4   | Got a pair of scorched gloves {god gift}
 22783 | Lair:4   | Identified the +1 pair of gloves of the Ego {rPois Int+3 Dex+4} (Okawaru gifted it to you on level 4 of the Lair of Beasts)
 23155 | Lair:6   | Entered Level 6 of the Lair of Beasts
 23443 | Lair:5   | Reached skill level 8 in Fighting
 23443 | Lair:5   | Reached skill level 10 in Invocations
 24082 | Lair:6   | Reached skill level 13 in Armour
 24268 | Lair:6   | Reached skill level 9 in Fighting
 24706 | Lair:6   | Found a runed door.
 24707 | Lair:6   | Found a viscous altar of Jiyva.
 24711 | Lair:6   | Found a staircase to the Slime Pits.
 24711 | Lair:6   | Noticed an azure jelly
 25065 | Lair:6   | Reached XP level 14. HP: 94/109 MP: 21/21
 25083 | Lair:6   | HP: 20/109 [sea snake (14)]
 25822 | Lair:6   | Received a gift from Okawaru
 25822 | Lair:6   | Reached skill level 10 in Fighting
 26062 | Lair:6   | Killed an azure jelly
 27286 | Lair:6   | Reached skill level 14 in Armour
 27727 | Lair:5   | Received a gift from Okawaru
 27727 | Lair:5   | Reached skill level 11 in Fighting
 28315 | Lair:6   | HP: 26/113 [drowned by a drowned soul[a merfolk avatar] (16)]
 28317 | Lair:6   | HP: 8/113 [drowned by a drowned soul[a merfolk avatar] (11)]
 28317 | Lair:6   | Drowned by a drowned soul

Vault maps used:
D:1:      ncdulo_watergridlock
D:2:      serial_curves, eino_curves_03, eino_curves_04, st_stairs_4,
          minivault_5, uniq_natasha, uniq_sigmund
D:3:      lemuel_doored_altar, first_bread, minmay_lizard_king
D:4:      serial_shops, shop
D:5:      enter_ossuary_3, serial_curves, eino_curves_02, eino_curves_02,
          eino_curves_04, uniq_eustachio, uniq_prince_ribbit1
D:6:      kiku_gazebo_garden_becter, zin_statuary, water_maze_lemuel
D:7:      uniq_duvessa
D:8:      hangedman_ranch
D:9:      eat_drink_and_be_merry_uskayaw, special_room,
          kennysheep_generic_room_6, uniq_maurice
D:10:     zombieorc2_lemuel, serial_shops, nicolae_shop_behind_doors,
          uniq_gastronok
D:11:     dpeg_oklobed_lair
Temple:   bh_familiar_temple
Lair:1:   nicolae_volcano_entry_lava_flow, minmay_stone_trees_small,
          cheibrodos_lair_caveside_slide, beast_lair_carwin_3,
          serial_bayou_shore_b, grunt_megastairs_5
Lair:2:   minmay_snake_entry_guardpost_large
Lair:3:   st_stairs_5, small_statue_intersection, grunt_megastairs_3
Lair:4:   minmay_swamp_entry_worms, uniq_harold
Lair:5:   beast_lair_carwin_6
Lair:6:   gammafunk_lair_ancient_temple, slime_altar_2,
          infiniplex_staircase_pool, serial_bayou_shore_b, serial_bayou_shore_b
Ossuary:  ossuary_crypta
Volcano:  volcano_grotto

Skill      XL: |  1  2  3  4  5  6  7  8  9 10 11 12 13 14 |
---------------+-------------------------------------------+-----
Long Blades    | 3 4 5 6 7 8 10 11 12 14 | 14.1
Armour         | 1 3 6 8 10 12 13 14 | 14.2
Invocations    | 2 8 10 | 10.0
Fighting       | 6 9 11 | 11.1
Dodging        | |  2.6
Stealth        | |  1.7

Action                   |  1- 3 |  4- 6 |  7- 9 | 10-12 | 13-15 || total
-------------------------+-------+-------+-------+-------+-------++-------
Melee: Falchion          |   100 |   220 |   284 |    32 |       ||   636
       Headbutt          |    16 |    55 |   133 |   209 |   196 ||   609
       Short sword       |       |    26 |   241 |   110 |       ||   377
       Unarmed           |       |       |     8 |       |       ||     8
       Hand axe          |       |       |     2 |       |       ||     2
       Long sword        |       |       |       |   855 |   652 ||  1507
       Punch             |       |       |       |     5 |     5 ||    10
       Rapier            |       |       |       |    11 |    38 ||    49
       Triple sword      |       |       |       |     3 |       ||     3
 Fire: Greatsling        |       |       |       |       |    16 ||    16
Throw: Stone             |       |     5 |       |       |       ||     5
       Tomahawk          |       |     4 |     6 |    33 |    13 ||    56
       Javelin           |       |     2 |    11 |    15 |    29 ||    57
Invok: Heroism           |       |       |     1 |    13 |    19 ||    33
Evoke: Wand              |       |       |       |     4 |     3 ||     7
  Use: Scroll            |     4 |     9 |    11 |     9 |     3 ||    36
       Potion            |       |     2 |     3 |       |     2 ||     7
 Stab: Sleeping          |     5 |     2 |     5 |       |       ||    12
       Invisible         |       |       |     5 |       |       ||     5
  Eat: Chunk             |     1 |     8 |    18 |    28 |    20 ||    75
       Pizza             |       |       |     1 |       |       ||     1
       Royal jelly       |       |       |       |     1 |       ||     1
       Bread ration      |       |       |       |     1 |     1 ||     2
       Meat ration       |       |       |       |       |     1 ||     1
Armor: Robe              |     6 |       |       |       |       ||     6
       Ring mail         |    18 |    68 |    24 |       |       ||   110
       Chain mail        |       |       |   199 |   449 |   395 ||  1043
       Skin              |       |       |     5 |       |       ||     5
Dodge: Dodged            |    47 |   100 |   159 |   297 |   284 ||   887

Table legend:
 A = Turns spent in this place as a percentage of turns spent in the entire game.
 B = Non-inter-level travel turns spent in this place as a percentage of non-inter-level travel turns spent in the entire game.
 C = Inter-level travel turns spent in this place as a percentage of turns spent in this place.
 D = Turns resting spent in this place as a percentage of non-inter-level travel turns spent in this place.
 E = Turns spent auto-exploring this place as a percentage of non-inter-level travel turns spent in this place.
 F = Non-inter-level travel turns spent in this place divided by the number of levels of this place that you've seen.
                   A       B       C       D       E      F
               +-------+-------+-------+-------+-------+----------------------
         Total | 100.0 | 100.0 |   0.4 |   3.3 |   3.6 | 486.8
       Dungeon |  58.0 |  58.0 |   0.4 |   3.2 |   4.1 | 513.2
        Temple |   1.0 |   1.0 |   1.0 |   0.0 |   5.0 | 101.0
          Lair |  35.0 |  35.1 |   0.4 |   3.8 |   3.3 | 568.8
       Ossuary |   2.6 |   2.6 |   0.0 |   1.6 |   0.8 | 256.0
       Volcano |   3.3 |   3.3 |   0.0 |   2.5 |   0.3 | 321.0
               +-------+-------+-------+-------+-------+----------------------

Vault maps used:
D:1:      ncdulo_watergridlock
D:2:      serial_curves, eino_curves_03, eino_curves_04, st_stairs_4,
          minivault_5, uniq_natasha, uniq_sigmund
D:3:      lemuel_doored_altar, first_bread, minmay_lizard_king
D:4:      serial_shops, shop
D:5:      enter_ossuary_3, serial_curves, eino_curves_02, eino_curves_02,
          eino_curves_04, uniq_eustachio, uniq_prince_ribbit1
D:6:      kiku_gazebo_garden_becter, zin_statuary, water_maze_lemuel
D:7:      uniq_duvessa
D:8:      hangedman_ranch
D:9:      eat_drink_and_be_merry_uskayaw, special_room,
          kennysheep_generic_room_6, uniq_maurice
D:10:     zombieorc2_lemuel, serial_shops, nicolae_shop_behind_doors,
          uniq_gastronok
D:11:     dpeg_oklobed_lair
Temple:   bh_familiar_temple
Lair:1:   nicolae_volcano_entry_lava_flow, minmay_stone_trees_small,
          cheibrodos_lair_caveside_slide, beast_lair_carwin_3,
          serial_bayou_shore_b, grunt_megastairs_5
Lair:2:   minmay_snake_entry_guardpost_large
Lair:3:   st_stairs_5, small_statue_intersection, grunt_megastairs_3
Lair:4:   minmay_swamp_entry_worms, uniq_harold
Lair:5:   beast_lair_carwin_6
Lair:6:   gammafunk_lair_ancient_temple, slime_altar_2,
          infiniplex_staircase_pool, serial_bayou_shore_b, serial_bayou_shore_b
Ossuary:  ossuary_crypta
Volcano:  volcano_grotto
